 Dungeon Crawl Stone Soup version 0.32-a0-481-g9ce6b883f8 (webtiles) character file.

Game seed: 15262767991633308499

238009 Essalna the Scorcher (level 19, -18/121 (125) HPs)
             Began as a Gargoyle Fire Elementalist on Feb 26, 2024.
             Was the Champion of Vehumet.
             Demolished by a war gargoyle
             ... wielding a +0 flail
             ... led by a peacekeeper
              (33 damage)
             ... on level 3 of the Vaults.
             The game lasted 01:44:41 (33752 turns).

Essalna the Scorcher (Gargoyle Fire Elementalist)  Turns: 33752, Time: 01:44:42

HP:   -18/121 (125) AC: 37    Str: 21 (23) XL:     19   Next: 70%
MP:   2/42          EV: 12    Int: 20      God:    Vehumet [******]
Gold: 506           SH: 14    Dex: 14 (16) Spells: 7/38 levels left

rFire   + + .        R - staff of fire
rCold   + . .        F - +2 kite shield
rNeg    + . .        L - +3 scale mail of the Glamorous God {Regen+ Str+3}
rPois   ∞            X - +2 helmet {SInv}
rElec   +            d - +2 cloak {rPois}
rCorr   .            t - +2 pair of gloves
SInv    +            S - +0 pair of boots "Qorchealuf" {rF+ rC+ Will- Regen+}
Will    .....        I - amulet of magic regeneration
Stlth   +            Y - ring "Zoadite" {Wiz Str+6 Dex+6}
HPRegen 2.00/turn    w - ring of magical power
MPRegen 0.68/turn

%: wizardry (x1)
@: about to teleport, flying, lightly drained
A: sickness immunity, AC +14, big wings, negative energy resistance 1,
electricity resistance, torment resistance 1, petrification resistance,
deterioration 1, dopey 1
}: 1/15 runes: barnacled
a: Renounce Religion


You were on level 3 of the Vaults.
You worshipped Vehumet.
Vehumet was exalted by your worship.
You visited 7 branches of the dungeon, and saw 31 of its levels.
You visited 1 bazaar.
You also visited: Gauntlet and Ice Cave.

You collected 3335 gold pieces.
You spent 2829 gold pieces at shops.

Inventory:

Hand Weapons
 j - the +2 flail of Gecitt {elec, rF+ Int+2 Dex+2}
   (You found it on level 2 of the Shoals)

   Int+2:     It affects your intelligence (+2).
   Dex+2:     It affects your dexterity (+2).
   rF+:       It protects you from fire.
Armour
 d - a +2 cloak of poison resistance (worn)
 r - a +2 buckler of cold resistance
 t - a +2 pair of gloves (worn)
 F - a +2 kite shield (worn)
 L - the +3 scale mail of the Glamorous God (worn) {Regen+ Str+3}
   (You bought it in a shop on level 2 of the Orcish Mines)

   Str+3:     It affects your strength (+3).
   Regen+:    It increases your rate of health regeneration.
 M - the +1 leather armour of Fofol {rC- Will++ Int+7}
   (You found it on level 1 of the Vaults)

   Int+7:     It affects your intelligence (+7).
   rC-:       It makes you vulnerable to cold.
   Will++:    It greatly increases your willpower.
 O - the +1 robe of the Stone Wall {rCorr Archmagi}
   (You found it on level 3 of the Vaults)

   rCorr:     It protects you from acid and corrosion.
   Archmagi:  It increases the power of your magical spells.
 P - a +2 robe of resistance
 S - the +0 pair of boots "Qorchealuf" (worn) {rF+ rC+ Will- Regen+}
   (You found it in a Gauntlet)

   rF+:       It protects you from fire.
   rC+:       It protects you from cold.
   Will-:     It decreases your willpower.
   Regen+:    It increases your rate of health regeneration.
 X - a +2 helmet of see invisible (worn)
Magical Staves
 R - a staff of fire (weapon)
Jewellery
 s - the ring of Koxioh {AC+4 SInv}
   (You found it on level 4 of the Shoals)

   [ring of protection]

   AC+4:      It affects your AC (+4).
   SInv:      It lets you see invisible.
 v - a +5 ring of evasion
 w - a ring of magical power (right hand)
 D - an amulet of regeneration
 I - an amulet of magic regeneration (around neck)
 Y - the ring "Zoadite" (left hand) {Wiz Str+6 Dex+6}
   (You found it on level 4 of the Shoals)

   [ring of wizardry]

   Wiz:       It improves your spell success rate.
   Str+6:     It affects your strength (+6).
   Dex+6:     It affects your dexterity (+6).
Wands
 b - a wand of quicksilver (26)
Scrolls
 a - a scroll of vulnerability
 c - 10 scrolls of identify
 h - a scroll of teleportation
 i - 3 scrolls of amnesia
 n - 4 scrolls of silence
 o - 2 scrolls of fog
 q - 2 scrolls of poison
 y - a scroll of brand weapon
 z - 4 scrolls of enchant weapon
 B - 3 scrolls of revelation
 G - 2 scrolls of blinking
 J - 2 scrolls of immolation
 U - 3 scrolls of summoning
 V - a scroll of torment
 W - 2 scrolls of enchant armour
Potions
 e - 8 potions of brilliance
 g - 19 potions of curing
 k - 2 potions of might
 l - 3 potions of invisibility
 m - 9 potions of degeneration
 p - a potion of attraction
 u - 4 potions of ambrosia {unknown}
 x - 6 potions of haste
 A - 8 potions of lignification {unknown}
 C - 4 potions of enlightenment {unknown}
 E - 10 potions of heal wounds {unknown}
 H - 3 potions of mutation
 K - 3 potions of resistance {unknown}
 N - 3 potions of cancellation {unknown}
Miscellaneous
 Z - a phantom mirror


   Skills:
 - Level 16.0 Fighting
 - Level 9.0 Armour
 - Level 8.0 Dodging
 - Level 2.1 Stealth
 - Level 12.0 Shields
 - Level 10.0 Spellcasting
 - Level 17.2 Conjurations
 + Level 19.8 Fire Magic
 - Level 9.0 Earth Magic


You had 7 spell levels left.
You knew the following spells:

 Your Spells              Type           Power      Damage    Failure   Level
a - Foxfire               Conj/Fire      100%       2x1d9     0%          1
b - Scorch                Fire           100%       2d9       0%          2
c - Flame Wave            Conj/Fire      90%        2d19      1%          4
d - Iskenderun's Battles  Conj           68%        2d12      1%          5
e - Fireball              Conj/Fire      45%        3d18      1%          5
f - Ignition              Fire           47%        3d13      6%          8
g - Bombard               Conj/Erth      29%        9d5       2%          6

Your spell library contained the following spells:

 Spells                   Type           Power      Damage    Failure   Level
 Fire Storm               Conj/Fire      45%        8d11      71%         9
 Maxwell's Capacitive Co  Air            5%         ∞         99%         8
 Polar Vortex             Ice            5%         N/A       99%         9
 Kiss of Death            Conj/Necr      100%       2d13      1%          1
 Sting                    Conj/Alch      100%       1d9       1%          1
 Inner Flame              Hex/Fire       65%        N/A       1%          3
 Mephitic Cloud           Conj/Alch/Air  33%        N/A       1%          3
 Stone Arrow              Conj/Erth      100%       3d13      1%          3
 Volatile Blastmotes      Fire/Tloc      100%       2d18      1%          3
 Brom's Barrelling Bould  Conj/Erth      58%        2d7       1%          4
 Iskenderun's Mystic Bla  Conj/Tloc      44%        2d10      1%          4
 Starburst                Conj/Fire      45%        6d13      1%          6
 Lee's Rapid Deconstruct  Erth           23%        3d13*     2%          5
 Orb of Destruction       Conj           34%        9d10      2%          7
 Plasma Beam              Fire/Air       32%        2x1d45    8%          6
 Apportation              Tloc           20%        N/A       12%         1
 Necrotise                Necr           40%        1d6       12%         1
 Summon Small Mammal      Summ           40%        N/A       12%         1
 Conjure Ball Lightning   Conj/Air       22%        3x3d6     12%         6
 Jinxbite                 Hex            20%        N/A       16%         2
 Animate Armour           Summ/Erth      56%        N/A       17%         4
 Leda's Liquefaction      Alch/Erth      14%        N/A       17%         4
 Olgreb's Toxic Radiance  Alch           10%        N/A       24%         4
 Ozocubu's Armour         Ice            10%        N/A       32%         3
 Swiftness                Air            10%        N/A       32%         3
 Tukima's Dance           Hex            10%        N/A       32%         3
 Borgnjor's Vile Clutch   Necr/Erth      14%        N/A       43%         5
 Anguish                  Hex/Necr       5%         N/A       69%         4
 Cause Fear               Hex            5%         N/A       69%         4
 Dimensional Bullseye     Hex/Tloc       5%         N/A       69%         4
 Manifold Assault         Tloc           10%        N/A       69%         4
 Alistair's Intoxication  Alch           6%         N/A       95%         5
 Metabolic Englaciation   Hex/Ice        5%         N/A       95%         5
 Eringya's Noxious Bog    Alch           5%         4d6       95%         6
 Ozocubu's Refrigeration  Ice            5%         4d8       99%         7
 Dispersal                Tloc           5%         N/A       100%        6
 Sculpt Simulacrum        Ice/Alch       5%         N/A       100%        6
 Lehudib's Crystal Spear  Conj/Erth      29%        10d8      54%         8
 Chain Lightning          Conj/Air       22%        3d29      99%         9
 Discord                  Hex            5%         N/A       100%        8
 Disjunction              Tloc           5%         N/A       100%        8


Dungeon Overview and Level Annotations

Branches:
Dungeon (15/15)            Temple (1/1) D:6            Lair (5/5) D:11
 Shoals (4/4) Lair:3        Snake (1/4) Lair:2        Slime (0/5) Lair:5
    Orc (2/2) D:11            Elf (0/3) Orc:2        Vaults (3/5) D:13
 Depths (0/4) D:15          IceCv (visited)         Gauntlet (visited)
  Crypt: Vaults:2-3

Altars:
Ashenzari
Cheibriados
Dithmenos
Elyvilon
Fedhas
Gozag
Hepliaklqana
Kikubaaqudgha
Makhleb
Nemelex Xobeh
Okawaru
Qazlal
Ru
Sif Muna
Trog
Uskayaw
Vehumet
Wu Jian
Xom
Yredelemnul
Zin
The Shining One
Jiyva

Shops:
D:10 =   D:14 !   Orc:1 *   Orc:2 *[![   Vaults:1 :   Vaults:2 *(   Vaults:3 =

Portals:
Trove: Vaults:3 (give 5 scrolls of blinking)

Annotations:
D:7 Pascal76's ghost, novice MiFi
D:10 1 runed translucent door
Lair:1 3 runed translucent doors, lurch's ghost, journeyman DgFE
Lair:2 2 transporters
Lair:5 exclusion: obsidian statue
Shoals:2 1 runed translucent door, Weciw's ghost, adept TrSh
Shoals:3 3 runed translucent doors, AzureDraco's ghost, adept DsGl


Innate Abilities, Weirdness & Mutations

You are immune to sickness and miasma.
Your stone body is resilient. (AC +14)
You are immune to poison.
Your large and strong wings let you fly.
You resist negative energy. (rN+)
You are resistant to electric shocks. (rElec)
You are resistant to unholy torment.
You are immune to petrification.
Your body sometimes deteriorates upon taking damage.
You are dopey. (Int -2)


Message History

The war gargoyle hits you with a +0 flail.
Casting: Foxfire (safe; 0% risk of failure)
Confirm with . or Enter, or press ? or * to list all spells.
You feel a surge of power!
You conjure some foxfire!
The foxfire hits the war gargoyle but does no damage.
The war gargoyle is lightly damaged.
The foxfire hits the ironbound preserver!
The ironbound preserver is severely wounded.
Your battlesphere fires!
The barrage of energy hits the ironbound preserver!
The ironbound preserver is almost dead.
Your battlesphere expends the last of its energy and dissipates.
The war gargoyle hits you with a +0 flail!!
* * * LOW HITPOINT WARNING * * *
Your body deteriorates!
You feel weakened. The ironbound preserver misses you.
The foxfire hits the boggart.
The boggart is moderately wounded.
Casting: Foxfire (safe; 0% risk of failure)
Confirm with . or Enter, or press ? or * to list all spells.
You feel a surge of power!
You conjure some foxfire!
The foxfire hits the ironbound preserver but does no damage.
The ironbound preserver is almost dead.
The war gargoyle hits you with a +0 flail!!
* * * LOW HITPOINT WARNING * * *
You block the ironbound preserver's attack.
You block the war gargoyle's attack.
Okay, then.
Unknown command.
As you read the scroll of teleportation, it crumbles to dust.
You feel strangely unstable.
The foxfire hits the war gargoyle but does no damage.
The war gargoyle is lightly damaged.
The foxfire hits the ironbound preserver.
The ironbound preserver is almost dead.
The ironbound preserver gestures wildly while chanting.
The ironbound preserver is healed somewhat.
You block the boggart's attack. You block the war gargoyle's attack.
The war gargoyle attacks as it pursues you!
The war gargoyle hits you with a +0 flail!!
You die...

#################################
...................°.............
................@9p..............
#################................
#.g..............
#................ ##
#...........#'### .#
#...........#[.. .#
#...........#..§. .#
#...........#.... .#
#...........#....


You could see an ironbound preserver, a war gargoyle (strong, sheltered) and a
boggart (invisible).

Vanquished Creatures
  Zenata (Vaults:1)
  5 sphinxes
  3 krakens
  Kirke (Lair:4)
  A frost giant (Vaults:1)
  8 vault wardens
  A curse skull (Vaults:3)
  An orc warlord (Vaults:2)
  A reaper (IceCv)
  8 ironbound thunderhulks
  8 ironbound preservers
  A stone giant (Vaults:2)
  4 formless jellyfish
  Nessos (D:13)
  3 minotaurs
  11 dire elephants
  Snorg (D:11)
  4 merfolk impalers
  An ettin (D:15)
  A merfolk javelineer (Shoals:4)
  A jiangshi (Vaults:3)
  2 entropy weavers (Vaults:3)
  7 yaktaur captains
  A peacekeeper (Vaults:3)
  4 great orbs of eyes
  9 vault guards
  A catoblepas (Lair:2)
  5 centaur warriors
  3 hydras
  2 alligator snapping turtles
  5 ironbound frosthearts
  4 merfolk avatars
  A merfolk aquamancer (Shoals:2)
  7 boulder beetles
  9 satyrs (Shoals:4)
  5 two-headed ogres
  5 tengu warriors (D:15)
  11 death yaks
  3 orc high priests (Orc:2)
  A shock serpent (shapeshifter) (Vaults:3)
  13 skeletal warriors
  2 spectral death yaks (Lair:5)
  5 skysharks
  Lodul (D:13)
  A spectral anaconda (Lair:5)
  3 arcanists
  31 deep trolls
  10 sea snakes
  A glowing orange brain (Vaults:1)
  11 ironbound convokers
  Pikel (D:5)
  26 harpies
  2 phantasmal warriors (Vaults:3)
  5 orc knights
  7 necromancers
  9 lindwurms (Vaults:1)
  10 ugly things
  3 deep elf pyromancers
  A fire giant zombie (Vaults:3)
  4 oklob plants
  6 cyclopes
  11 fauns
  5 orc sorcerers (Orc:2)
  A salamander (Lair:2)
  10 manticores
  33 slime creatures
  A meliai (shapeshifter) (D:13)
  2 water nymphs
  27 elephants
  7 vault sentinels
  A dire elephant zombie (Lair:5)
  5 merfolk sirens
  7 black mambas
  5 kobold blastminers
  An ice statue (IceCv)
  15 cane toads
  An unseen horror (D:11)
  2 kobold demonologists
  7 komodo dragons
  2 ice devils (Lair:5)
  4 rime drakes
  2 elf zombies (Vaults:3)
  A dire elephant skeleton (Lair:5)
  4 efreet
  19 yaktaurs
  A tengu conjurer (D:14)
  An anaconda simulacrum (IceCv)
  The ghost of Mrcake the Apothecary, a novice DEAl (D:5)
  19 merfolk
  4 polar bears
  4 wind drakes
  6 trolls
  Prince Ribbit (D:9)
  2 hornets (Gauntlet)
  18 blink frogs
  A stone giant simulacrum (Vaults:3)
  7 dream sheep
  2 spectral elephants (Lair:5)
  6 snapping turtles
  9 water elementals
  4 wyverns
  A dire elephant simulacrum (IceCv)
  4 wraiths
  A wyvern (shapeshifter) (D:14)
  3 hogs (Lair:4)
  45 yaks
  A warg (D:11)
  5 basilisks
  2 redbacks (Vaults:3)
  A steam dragon (D:8)
  3 death yak simulacra (IceCv)
  2 spectral cane toads (Lair:5)
  A glowing shapeshifter zombie (Vaults:3)
  A harpy simulacrum (IceCv)
  2 swamp worms (Gauntlet)
  20 water moccasins
  3 acid dragons
  A hydra simulacrum (IceCv)
  22 orc warriors
  An elephant zombie (Lair:5)
  2 laughing skulls (D:13)
  9 boggarts
  14 centaurs
  10 ogres
  2 elephant skeletons (Lair:5)
  31 wolves
  2 phantoms
  3 kobold brigands
  13 bullfrogs
  A gnoll sergeant (D:8)
  3 scorpions
  5 two-headed ogre simulacra (IceCv)
  5 cane toad simulacra
  4 wights (D:8)
  5 killer bees (D:11)
  4 elephant simulacra
  6 electric eels
  A howler monkey (D:12)
  A centaur zombie (D:5)
  2 lava snakes (Lair:2)
  2 bombardier beetles
  2 hounds
  2 jellies
  23 orc priests
  2 gnoll boudas
  26 orc wizards
  8 iguanas
  A sleepcap (D:5)
  6 hell rats (Lair:5)
  3 spriggan simulacra (IceCv)
  A polar bear simulacrum (IceCv)
  3 troll simulacra (IceCv)
  2 wolf simulacra (IceCv)
  A hound zombie (D:5)
  11 gnolls
  9 adders
  5 naga simulacra (IceCv)
  A shadow imp (D:7)
  6 white imps (IceCv)
  10 ufetubi
  9 dart slugs
  63 orcs
  3 endoplasms
  A giant cockroach (D:3)
  9 goblins
  9 hobgoblins
  6 quokkas
  4 ball pythons
  7 bats
  A frilled lizard (D:3)
  25 kobolds
  3 rats
  7 tentacles
1075 creatures vanquished.

Vanquished Creatures (collateral kills)
  33 foxfires
33 creatures vanquished.

Vanquished Creatures (others)
  A water moccasin (Lair:2)
  3287 foxfires
  13 tentacles
3301 creatures vanquished.

Grand Total: 4409 creatures vanquished

Notes
Turn   | Place    | Note
-------+----------+-------------------------------------------
     0 | D:1      | Essalna the Gargoyle Fire Elementalist began the quest for
                  | the Orb.
     0 | D:1      | Reached XP level 1. HP: 10/10 MP: 3/3
   214 | D:1      | Reached XP level 2. HP: 15/15 MP: 0/5
   375 | D:1      | You fall into a shaft and drop 1 floor!
  1221 | D:2      | Reached XP level 3. HP: 19/19 MP: 2/6
  1766 | D:2      | Learned a level 2 spell: Scorch
  2127 | D:3      | Noticed a bullfrog
  2131 | D:3      | Killed a bullfrog
  2132 | D:3      | Reached skill level 4 in Fire Magic
  2132 | D:3      | Reached XP level 4. HP: 24/24 MP: 1/8
  2132 | D:3      | Reached XP level 5. HP: 28/28 MP: 1/9
  3540 | D:4      | Learned a level 4 spell: Flame Wave
  3622 | D:4      | Reached XP level 6. HP: 32/32 MP: 3/11
  4555 | D:4      | Found a hazy altar of Hepliaklqana.
  4977 | D:5      | Entered Level 5 of the Dungeon
  5005 | D:5      | Reached skill level 5 in Fire Magic
  5005 | D:5      | Reached XP level 7. HP: 35/37 MP: 10/13
  5037 | D:5      | Found a white marble altar of Elyvilon.
  5063 | D:5      | Reached skill level 1 in Fighting
  5445 | D:5      | Reached skill level 5 in Conjurations
  5968 | D:5      | Noticed Pikel
  6051 | D:5      | Killed Pikel
  6052 | D:5      | Reached skill level 6 in Fire Magic
  6052 | D:5      | Reached XP level 8. HP: 43/48 MP: 13/14
  6270 | D:5      | Found a runed translucent gate.
  6270 | D:5      | Found a runed translucent gate.
  6270 | D:5      | Found a runed translucent gate.
  6270 | D:5      | Noticed Mrcake's ghost (novice DEAl)
  6272 | D:5      | Found a basalt altar of Yredelemnul.
  6619 | D:5      | Killed Mrcake's ghost
  6620 | D:5      | Reached skill level 5 in Fighting
  6801 | D:6      | Reached skill level 7 in Fire Magic
  6801 | D:6      | Reached XP level 9. HP: 50/54 MP: 15/15
  7272 | D:6      | Found a staircase to the Ecumenical Temple.
  7278 | Temple   | Entered the Ecumenical Temple
  7294 | Temple   | Became a worshipper of Vehumet
  7749 | D:7      | Noticed a two-headed ogre
  7757 | D:7      | Killed a two-headed ogre
  7764 | D:7      | Reached skill level 8 in Fire Magic
  8138 | D:7      | Found a runed translucent door.
  8138 | D:7      | Noticed Pascal76's ghost (novice MiFi)
  8683 | D:8      | Found a glowing golden altar of the Shining One.
  8852 | D:8      | Reached XP level 10. HP: 54/63 MP: 10/16
  9009 | D:8      | Noticed a +0 hand axe
  9009 | D:8      | Noticed a +0 dagger
  9016 | D:8      | Found a hide-covered altar of Uskayaw.
  9019 | D:8      | Reached * piety under Vehumet
  9019 | D:8      | Offered knowledge of Sandblast by Vehumet.
  9507 | D:8      | Found a bloodstained altar of Trog.
  9761 | D:9      | Noticed Prince Ribbit
  9764 | D:9      | Killed Prince Ribbit
  9765 | D:9      | Reached skill level 1 in Shields
  9765 | D:9      | Reached skill level 9 in Fire Magic
 10101 | D:9      | Found a burning altar of Makhleb.
 10355 | D:9      | Noticed a two-headed ogre
 10360 | D:9      | Noticed a two-headed ogre
 10362 | D:9      | Killed a two-headed ogre
 10363 | D:9      | Reached skill level 10 in Conjurations
 10370 | D:9      | Killed a two-headed ogre
 10371 | D:9      | Reached XP level 11. HP: 68/68 MP: 6/17
 10563 | D:9      | Reached skill level 10 in Fire Magic
 10654 | D:9      | Found a shadowy altar of Dithmenos.
 10801 | D:10     | Entered Level 10 of the Dungeon
 10829 | D:10     | Reached skill level 5 in Shields
 10830 | D:10     | Reached ** piety under Vehumet
 10830 | D:10     | Offered knowledge of Magic Dart by Vehumet.
 10927 | D:10     | Found Soroz's Jewellery Shop.
 10936 | D:10     | Bought an amulet of magic regeneration for 420 gold pieces
 11158 | D:10     | Found a glowing silver altar of Zin.
 11158 | D:10     | Found a sacrificial altar of Ru.
 11312 | D:10     | Noticed a skyshark
 11314 | D:10     | Found the +2 pair of slick slippers {slick, slippery, EV+4}
 11315 | D:10     | Noticed a skyshark
 11340 | D:10     | Found a runed translucent door.
 11357 | D:10     | Noticed a two-headed ogre
 11364 | D:10     | Killed a two-headed ogre
 11419 | D:10     | Found an opulent altar of Gozag.
 11723 | D:11     | Offered knowledge of Momentum Strike by Vehumet.
 11730 | D:11     | Found a staircase to the Lair.
 11789 | D:11     | Found a staircase to the Orcish Mines.
 11890 | D:11     | Reached *** piety under Vehumet
 12177 | D:11     | Reached skill level 1 in Armour
 12215 | D:11     | Learned a level 5 spell: Iskenderun's Battlesphere
 12225 | D:11     | Noticed a cyclops
 12236 | D:11     | Killed a cyclops
 12237 | D:11     | Reached skill level 11 in Fire Magic
 12432 | D:11     | Noticed Snorg
 12443 | D:11     | Killed Snorg
 12522 | D:11     | Offered knowledge of Ignite Poison by Vehumet.
 12597 | D:11     | Reached XP level 12. HP: 38/75 MP: 16/18
 12808 | Orc:1    | Entered Level 1 of the Orcish Mines
 12808 | Orc:1    | Found Kuawkar's General Store.
 12932 | D:12     | Noticed a two-headed ogre
 12944 | D:12     | Killed a two-headed ogre
 13015 | D:12     | Reached **** piety under Vehumet
 13542 | D:12     | Offered knowledge of Airstrike by Vehumet.
 13865 | Lair:1   | Entered Level 1 of the Lair of Beasts
 14396 | Lair:1   | Reached skill level 5 in Armour
 14399 | Lair:1   | Reached XP level 13. HP: 69/80 MP: 10/19
 14550 | Lair:1   | Found a runed translucent gate.
 14550 | Lair:1   | Found a runed translucent gate.
 14551 | Lair:1   | Found a runed translucent gate.
 14552 | Lair:1   | Noticed lurch's ghost (journeyman DgFE)
 14845 | Lair:2   | Found a transporter.
 14846 | Lair:2   | Found a transporter.
 14853 | Lair:2   | Reached skill level 12 in Fire Magic
 14958 | Lair:2   | Reached skill level 10 in Fighting
 15301 | Lair:2   | Reached skill level 5 in Dodging
 15533 | Lair:2   | Learned a level 5 spell: Fireball
 15723 | Lair:2   | Found a staircase to the Snake Pit.
 15989 | Lair:3   | Reached ***** piety under Vehumet
 15998 | Lair:3   | Offered knowledge of Sticky Flame by Vehumet.
 16672 | Lair:3   | Found a staircase to the Shoals.
 16892 | Lair:4   | Noticed Kirke
 16895 | Lair:4   | Reached skill level 10 in Shields
 16974 | Lair:4   | Gained mutation: Your large and strong wings let you fly.
                  | [Gargoyle growth]
 16974 | Lair:4   | Reached XP level 14. HP: 81/88 MP: 20/20
 16980 | Lair:4   | Killed Kirke
 17617 | Lair:4   | Found a blossoming altar of Fedhas.
 17865 | Lair:5   | Entered Level 5 of the Lair of Beasts
 18007 | Lair:5   | Found a viscous altar of Jiyva.
 18012 | Lair:5   | Found a staircase to the Slime Pits.
 18030 | Lair:5   | Reached skill level 13 in Fire Magic
 18421 | Lair:5   | Found a frozen archway.
 18438 | IceCv    | Entered an ice cave
 18503 | IceCv    | Offered knowledge of Ozocubu's Refrigeration by Vehumet.
 18740 | IceCv    | Noticed a reaper
 18746 | IceCv    | Killed a reaper
 18796 | IceCv    | Identified the +10 flail of Desperation {heavy, Str+4
                  | Int+2}
 18939 | IceCv    | Reached XP level 15. HP: 93/96 MP: 21/21
 20165 | Lair:5   | Got Sif Muna's Omnibus of Debased Magic and Vapour
 20520 | Orc:1    | Reached skill level 5 in Spellcasting
 20771 | Orc:1    | Reached ****** piety under Vehumet
 20984 | Orc:2    | Entered Level 2 of the Orcish Mines
 20984 | Orc:2    | Found a staircase to the Elven Halls.
 21137 | Orc:2    | Offered knowledge of Freezing Cloud by Vehumet.
 21437 | Orc:2    | Gained mutation: Your body sometimes deteriorates upon
                  | taking damage. [a neqoxec]
 21626 | Orc:2    | Found Feikiny's Armour Boutique.
 21626 | Orc:2    | Found Baull's Assorted Antiques.
 21664 | Orc:2    | Found Bacvat's Armour Shoppe.
 21664 | Orc:2    | Found Larett's Distillery.
 21693 | Orc:2    | Bought the +3 scale mail of the Glamorous God {Regen+
                  | Str+3} for 484 gold pieces
 21864 | Snake:1  | Entered Level 1 of the Snake Pit
 21936 | Shoals:1 | Entered Level 1 of the Shoals
 22078 | Shoals:1 | Found a flickering gateway to a bazaar.
 22083 | Bazaar   | Entered a bazaar
 22195 | Bazaar   | Found Tiekkeit's Armour Shoppe.
 22211 | Bazaar   | Found Rotuel's Antique Armour Shoppe.
 22211 | Bazaar   | Found Maamim's Weapon Emporium.
 22233 | Bazaar   | Found Plog's Weapon Shoppe.
 22289 | Bazaar   | Bought a +2 helmet of see invisible for 236 gold pieces
 22770 | Shoals:1 | Offered knowledge of Plasma Beam by Vehumet.
 22819 | Shoals:1 | Reached skill level 14 in Fire Magic
 22833 | Shoals:1 | Reached XP level 16. HP: 103/103 MP: 25/25
 23176 | Shoals:2 | Reached skill level 15 in Conjurations
 23425 | Shoals:2 | Identified the +2 flail of Gecitt {elec, rF+ Int+2 Dex+2}
 23861 | Shoals:2 | Found a runed translucent door.
 23862 | Shoals:2 | Noticed Weciw's ghost (adept TrSh)
 24291 | Shoals:3 | Found a runed translucent gate.
 24483 | Shoals:3 | Noticed AzureDraco's ghost (adept DsGl)
 24500 | Shoals:3 | Found a runed translucent gate.
 24502 | Shoals:3 | Found a runed translucent gate.
 24536 | Shoals:3 | Offered knowledge of Arcjolt by Vehumet.
 24650 | Shoals:3 | Noticed a kraken
 24659 | Shoals:3 | Killed a kraken
 24897 | Shoals:3 | Noticed a kraken
 24905 | Shoals:3 | Killed a kraken
 25170 | Shoals:4 | Entered Level 4 of the Shoals
 25253 | Shoals:4 | Noticed a kraken
 25258 | Shoals:4 | Killed a kraken
 25330 | Shoals:4 | Noticed a sphinx
 25333 | Shoals:4 | Reached skill level 15 in Fire Magic
 25334 | Shoals:4 | Killed a sphinx
 25335 | Shoals:4 | Reached XP level 17. HP: 111/111 MP: 29/29
 25486 | Shoals:4 | Identified the ring of Koxioh {AC+4 SInv}
 25492 | Shoals:4 | Identified the ring "Zoadite" {Wiz Str+6 Dex+6}
 25598 | Shoals:4 | Noticed a sphinx
 25607 | Shoals:4 | Killed a sphinx
 25635 | Shoals:4 | Got a barnacled rune of Zot
 26102 | D:13     | Found a gate leading to a gauntlet.
 26111 | Gauntlet | Entered a Gauntlet
 26111 | Gauntlet | Found a transporter.
 26121 | Gauntlet | Found a transporter.
 26136 | Gauntlet | Found a transporter.
 26141 | Gauntlet | Found a transporter.
 26158 | Gauntlet | Found a transporter.
 26176 | Gauntlet | Found a transporter.
 26188 | Gauntlet | Found a transporter.
 26200 | Gauntlet | Found a transporter.
 26212 | Gauntlet | Found a transporter.
 26224 | Gauntlet | Found a transporter.
 26241 | Gauntlet | Found a transporter.
 26259 | Gauntlet | Found a transporter.
 26261 | Gauntlet | Found a transporter.
 26261 | Gauntlet | Found the +27 heavy crossbow "Sniper" {heavy, Acc+∞ SInv}
 26286 | Gauntlet | Found a transporter.
 26288 | Gauntlet | Found a transporter.
 26308 | Gauntlet | Found a transporter.
 26410 | Gauntlet | Found a transporter.
 26410 | Gauntlet | Found a transporter.
 26614 | Gauntlet | Identified the +0 pair of boots "Qorchealuf" {rF+ rC+ Will-
                  | Regen+}
 26688 | Gauntlet | Identified the +0 robe of Geibreimae {Int+3}
 26689 | Gauntlet | Got the Enchiridion on Interference
 26975 | D:13     | Found a gate to the Vaults.
 26975 | D:13     | Noticed Nessos
 27047 | D:13     | Killed Nessos
 27108 | D:13     | Offered knowledge of Starburst by Vehumet.
 27255 | D:13     | Noticed Lodul
 27264 | D:13     | Killed Lodul
 27777 | D:14     | Reached skill level 15 in Fighting
 28062 | D:14     | Gained mutation: You are dopey. (Int -2) [a neqoxec]
 28304 | D:14     | Found Vusuts's Distillery.
 28307 | D:14     | Bought a potion of mutation for 136 gold pieces
 28307 | D:14     | Bought a potion of magic for 136 gold pieces
 28307 | D:14     | Bought a potion of mutation for 136 gold pieces
 28307 | D:14     | Bought a potion of curing for 51 gold pieces
 28307 | D:14     | Bought a potion of mutation for 136 gold pieces
 28307 | D:14     | Bought a potion of haste for 170 gold pieces
 28592 | D:15     | Entered Level 15 of the Dungeon
 28873 | D:15     | Identified the +5 quarterstaff of the Ship {freeze, rF+
                  | rCorr Str+3 SInv}
 29101 | D:15     | Identified the +2 robe of Deluept {*Corrode rF+ rN+}
 29394 | D:15     | Found a sacrificial altar of Ru.
 29428 | D:15     | Found a staircase to the Depths.
 29574 | Vaults:1 | Entered Level 1 of the Vaults
 29648 | Vaults:1 | Reached skill level 16 in Fire Magic
 29718 | Vaults:1 | Reached XP level 18. HP: 75/119 MP: 24/31
 29897 | Vaults:1 | Reached skill level 10 in Spellcasting
 29981 | Vaults:1 | Found Aqattol's Book Boutique.
 30027 | Vaults:1 | Bought a book of the Earth for 504 gold pieces
 30027 | Vaults:1 | Bought the Encyclopedia of Causimancy for 420 gold pieces
 30036 | Vaults:1 | Learned a level 8 spell: Ignition
 30043 | Vaults:1 | Learned a level 6 spell: Bombard
 30070 | Vaults:1 | Reached skill level 1 in Earth Magic
 30126 | Vaults:1 | Identified the +1 leather armour of Fofol {rC- Will++
                  | Int+7}
 30167 | Vaults:1 | Offered knowledge of Spellforged Servitor by Vehumet.
 30612 | Vaults:1 | Reached skill level 5 in Earth Magic
 30731 | Vaults:1 | Noticed Zenata
 30830 | Vaults:1 | Reached skill level 17 in Fire Magic
 31044 | Vaults:1 | Killed Zenata
 31512 | Vaults:2 | Reached XP level 19. HP: 73/125 MP: 32/33
 31729 | Vaults:2 | Found Kownae Doedd's General Store.
 31960 | Vaults:2 | Found Kip Wuto's Weapon Boutique.
 32028 | Vaults:2 | Reached skill level 18 in Fire Magic
 32337 | Vaults:3 | Offered knowledge of Fire Storm by Vehumet.
 32337 | Vaults:3 | Offered knowledge of Polar Vortex by Vehumet.
 32337 | Vaults:3 | Offered knowledge of Maxwell's Capacitive Coupling by
                  | Vehumet.
 32372 | Vaults:3 | Identified the +1 robe of the Stone Wall {rCorr Archmagi}
 32623 | Vaults:3 | Paralysed by a sphinx for 5 turns
 32796 | Vaults:3 | Reached skill level 19 in Fire Magic
 32808 | Vaults:3 | Found Suoc's Jewellery Emporium.
 33614 | Vaults:3 | Found a portal to a secret trove of treasure.
 33752 | Vaults:3 | Demolished by a war gargoyle

Illustrated notes

Levels and vault maps discovered:
D:1:      evilmike_arrival_crescent, layout_basic
D:2:      layout_loops_ring, hangedman_abyss_or_decor_stabs
D:3:      kennysheep_slugbush, layout_loops_corners, serial_glass,
          glass_columns_c, glass_columns_a, due_unseen_surprise, st_stairs_13,
          grunt_ministairs_9, minmay_surrounded
D:4:      layout_basic, nicolae_hepliaklqana_hazy_memory
D:5:      layout_loops_corners, elyvilon_altar_5,
          nicolae_yredelemnul_ghost_church, uniq_pikel
D:6:      layout_basic, minmay_temple_entry_nine_rooms
D:7:      layout_gridville, hellmonk_ghost_happy_afterlife,
          nicolae_concentric_dashed_squares_mild, minivault_22, hex_tiny
D:8:      layout_basic, dancing_weapons_uskayaw, st_stairs_5,
          hangedman_feature_mirror
D:9:      layout_rooms, mainiacjoe_overflow_catwalk,
          nicolae_dithmenos_the_darkroom, uniq_prince_ribbit1
D:10:     layout_basic, general_overflow_altar, gammafunk_temple_overflow_wave,
          serial_shops, nicolae_shop_crystal, nicolae_guarded_unrand_slippers
D:11:     layout_small_grid, dpeg_lair_monsters, david_orc_1_choice, eino_jars,
          uniq_snorg
D:12:     layout_loops_ring, chequers_serial_rivers_small_a
D:13:     layout_loops_ring, lightli_vaults_fourway_checkpoint,
          gauntlet_entry_generic, uniq_lodul, uniq_nessos
D:14:     layout_loops_ring, serial_shops, kennysheep_mini, chequers_big_river,
          kennysheep_potato
D:15:     hangedman_depths_entry_civil_slaughter, layout_irregular_city,
          nicolae_ru_path_of_blood
Temple:   oiseaux_autumnal_temple
Lair:1:   layout_regular_city, gammafunk_ghost_necromancy
Lair:2:   gammafunk_boulding_lane, layout_hall_layers,
          nicolae_snake_entry_warm_welcome, infiniplex_staircase_pool_2,
          serial_bayou_shore_a, grunt_megastairs_5, lemuel_fruit_fields
Lair:3:   layout_regular_city, nicolae_shoals_entry_roost
Lair:4:   layout_hall_layers, hangedman_tree_tricks, beast_lair_carwin_6,
          uniq_kirke
Lair:5:   due_jungle_book, layout_regular_city, minmay_slime_entry_pillars,
          portal_ice_cave_demonic_guard
Shoals:1: layout_shoals, serial_shops, bzr_entry_road, nicolae_shoals_land_atoll
Shoals:2: layout_shoals, ebering_ghost_reflecting_pool, abandoned_shop
Shoals:3: layout_shoals, gammafunk_ghost_split
Shoals:4: shoals_end_hellmonk_lost_city
Snake:1:  layout_cave_pods, evilmike_ambush [evilmike_ambush_outer_basic,
          evilmike_ambush_inner_pond]
Orc:1:    layout_caves, serial_shops, nicolae_shop_statue_plus
Orc:2:    st_orc_elflike, layout_caves
Vaults:1: v_misc_22, vaults_room_pool, nicolae_vaults_border_crossing,
          vaults_room_ringed_pool, nicolae_vaults_trapezoid_2,
          hangedman_vaults_slither, nicolae_vaults_heart-shaped_vault,
          hangedman_vaults_unwind, ontoclasm_vaults_ligature, vaults_dpeg_doors,
          vaults_mumra_lcd, vaults_room_grunt_arrival_checkpoint,
          nicolae_vaults_what_the_h, layout_vaults_maze_bifur, serial_shops,
          shop, uniq_zenata
Vaults:2: nicolae_vaults_taking_the_gang_shopping, v_misc_24,
          nicolae_vaults_security_offices_5, dpeg_vaults_monster_box,
          nicolae_vaults_cornered_office, nicolae_vaults_tetromino_T_2,
          nicolae_vaults_spaceships, v_misc_28, nicolae_vaults_asterisk,
          nicolae_vaults_tetromino_Z_1, nicolae_vaults_storage_room_statues,
          nicolae_vaults_tetromino_T_1, nicolae_vaults_diagonal_hallway_9,
          ontoclasm_vaults_eye, layout_vaults_big_cross, serial_shops, shop
Vaults:3: minmay_crypt_entry_simple_box, nicolae_vaults_statue_guard,
          nicolae_vaults_double_plus_1, nicolae_vaults_six-pack,
          nicolae_vaults_wine_cellar, hangedman_vaults_restitches,
          ontoclasm_vaults_chip, layout_vaults_omnigrid, serial_shops, shop,
          nicolae_trove_entry_isolated

Skill      XL: |  1  2  3  4  5  6  7  8  9 10 11 12 13 14 15 16 17 18 19 |
---------------+----------------------------------------------------------+-----
Conjurations   | 2 3 4 6 7 8 10 11 12 13 14 15 17 | 17.2
Spellcasting   | 3 4 6 8 9 10 | 10.0
Fire Magic     | 4 5 6 7 8 9 11 12 13 14 15 16 17 19 | 19.8
Fighting       | 4 5 7 8 9 10 11 12 14 15 16 | 16.0
Shields        | 4 7 8 10 11 12 | 12.0
Armour         | 2 5 7 8 9 |  9.0
Dodging        | 2 4 5 7 8 |  8.0
Earth Magic    | 8 9 |  9.0
Stealth        | |  2.1

Action                     |  1- 3 |  4- 6 |  7- 9 | 10-12 | 13-15 | 16-18 | 19-21 || total
---------------------------+-------+-------+-------+-------+-------+-------+-------++-------
  Melee: Hand axe          |    30 |    21 |       |       |       |       |       ||    51
         Whip              |       |    14 |    14 |       |       |       |       ||    28
         Short sword       |       |     6 |       |    39 |     3 |       |       ||    48
         Flail             |       |       |       |       |     2 |       |       ||     2
         Staff             |       |       |       |       |       |     7 |     1 ||     8
         Unarmed           |       |       |       |       |       |       |     9 ||     9
   Cast: Foxfire           |    88 |   106 |   194 |   257 |   601 |   543 |    64 ||  1853
         Scorch            |     3 |     3 |    43 |    98 |   147 |   209 |    51 ||   554
         Flame Wave        |       |       |     5 |    39 |    68 |    88 |    33 ||   233
         Iskenderun's Batt |       |       |       |    21 |    77 |    86 |    24 ||   208
         Fireball          |       |       |       |       |    72 |    69 |    68 ||   209
         Bombard           |       |       |       |       |       |     5 |    15 ||    20
         Ignition          |       |       |       |       |       |       |     6 ||     6
    Use: Scroll            |       |     5 |     1 |       |    16 |    10 |     8 ||    40
         Potion            |       |       |     1 |       |       |       |     1 ||     2
   Stab: Sleeping          |       |     3 |     1 |       |       |       |       ||     4
         Confused          |       |       |       |       |       |       |     1 ||     1
 Armour: Robe              |    35 |    53 |    66 |    70 |    65 |       |       ||   289
         Troll leather arm |       |       |       |    72 |   131 |       |       ||   203
         Skin              |       |       |       |       |     2 |       |     1 ||     3
         Scale mail        |       |       |       |       |    20 |   405 |   234 ||   659
  Dodge: Dodged            |    49 |    47 |    82 |   135 |   209 |   270 |   122 ||   914
  Block: Kite shield       |       |       |       |   150 |   262 |   387 |   152 ||   951

Table legend: (Time is in decaauts)
 A = Elapsed time spent in this place.
 B = Non-inter-level travel time spent in this place.
 C = Inter-level travel time spent in this place.
 D = Time resting spent in this place.
 E = Time spent auto-exploring this place.
 F = Levels seen in this place.
 G = Mean time per level.
                   A        B        C        D        E       F      G
               +--------+--------+--------+--------+--------+-----+--------+
         Total |  33832 |  32103 |   1729 |    356 |  25062 |  34 |  995.1 |
       Dungeon |  16900 |  16027 |    873 |    184 |  13418 |  15 | 1126.7 |
        Temple |     32 |      2 |     30 |      0 |      0 |   1 |   32.0 |
          Lair |   6326 |   5717 |    609 |     67 |   4259 |   5 | 1265.2 |
        Shoals |   3636 |   3519 |    117 |      7 |   2702 |   4 |  909.0 |
     Snake Pit |      1 |      1 |      0 |      0 |      0 |   1 |    1.0 |
  Orcish Mines |   1280 |   1251 |     29 |     98 |    951 |   2 |  640.0 |
        Vaults |   4201 |   4133 |     68 |      0 |   2894 |   3 | 1400.3 |
        Bazaar |    262 |    262 |      0 |      0 |    162 |   1 |  262.0 |
      Ice Cave |    591 |    591 |      0 |      0 |    374 |   1 |  591.0 |
      Gauntlet |    598 |    598 |      0 |      0 |    302 |   1 |  598.0 |
               +--------+--------+--------+--------+--------+-----+--------+

Top non-repeatable levels by time:
  Lair:5: 1944 daAuts
     D:5: 1794 daAuts
Vaults:1: 1589 daAuts
     D:3: 1550 daAuts
     D:4: 1534 daAuts
Vaults:3: 1481 daAuts
     D:8: 1427 daAuts
  Lair:2: 1288 daAuts
    D:11: 1199 daAuts
  Lair:3: 1144 daAuts
Vaults:2: 1131 daAuts
    D:13: 1067 daAuts
Shoals:2: 1042 daAuts
  Lair:1: 1016 daAuts
Shoals:3: 999 daAuts
